 Dungeon Crawl Stone Soup version 0.30-a0-1085-g990a428a5c (console) character file.

Game seed: 1399538218129746858

253496 Lipa the Executioner (level 19, -1/211 (283) HPs)
             Began as a Hill Orc Fighter on Apr 14, 2023.
             Was a High Priest of Beogh.
             Slain by a skeletal warrior
             ... wielding a +0 hand axe
             ... summoned by a halazid warlock
              (12 damage)
             ... in a wizard's laboratory on Apr 16, 2023.
             The game lasted 04:23:57 (40330 turns).

Lipa the Executioner (Hill Orc Fighter)            Turns: 40330, Time: 04:23:57

HP:   -1/211 (283)  AC: 33    Str: 38    XL:     19   Next: 72%
MP:   11/30         EV:  2    Int:  1    God:    Beogh [*****.]
Gold: 4551          SH: 16    Dex: 10    Spells: 18/18 levels left

rFire   + . .      SeeInvis .    a - +9 broad axe (flame)
rCold   . . .      Faith    +    I - +0 tower shield of Knowledge {Will+}
rNeg    . . .      Spirit   .    q - melded +6 crystal plate armour {rC+}
rPois   +          Reflect  .    S - melded +2 helmet
rElec   +          Rampage  .    V - melded +2 cloak {Will+}
rCorr   .          NoTele   +    o - melded +0 pair of gloves of Dust Devil {-Tele rPois rF- Int+7 Dex+2}
Will    ++...                    B - melded +2 pair of boots
Stlth   +                        w - amulet of Aggoukul {Faith rElec rF+ Str+5 Int-5}
HPRegen 0.55/turn                e - +4 ring of protection
MPRegen 0.22/turn                p - +6 ring of strength

@: tree-form, very heavily drained
A: stationary, stasis, torment immunity, boosted hp, walk on water, dopey 1,
(heat vulnerability 1)
}: 2/15 runes: barnacled, gossamer
a: Renounce Religion, Smiting, Recall Orcish Followers, Give Item to Named
Follower


You were in a wizard's laboratory.
You worshipped Beogh.
Beogh was extremely pleased with you.
You were a tree.
You visited 7 branches of the dungeon, and saw 32 of its levels.
You also visited: Ice Cave and Wizlab.

You collected 5098 gold pieces.
You spent 547 gold pieces at shops.

Inventory:

Hand Weapons
 a - a +9 broad axe of flaming (weapon)
   (You found it on level 5 of the Lair of Beasts)
 Z - a +0 heavy battleaxe
   (You took it off an ancient champion in a wizard's laboratory)
Armour
 o - the +0 pair of gloves of Dust Devil (melded) {-Tele rPois rF- Int+7 Dex+2}
   (You found it on level 5 of the Lair of Beasts)

   Int:       It affects your intelligence (+7).
   Dex:       It affects your dexterity (+2).
   rF:        It makes you vulnerable to fire.
   rPois:     It protects you from poison.
   -Tele:     It prevents most forms of teleportation.
 q - a +6 crystal plate armour of cold resistance (melded)
   (You found it in an ice cave)
 B - a +2 pair of boots (melded)
   (You found it on level 2 of the Lair of Beasts)
 I - the +0 tower shield of Knowledge (worn) {Will+}
   (You took it off Louise on level 1 of the Shoals)

   Will:      It increases your willpower.
 S - a +2 helmet (melded)
   (You found it on level 5 of the Lair of Beasts)
 V - a +2 cloak of willpower (melded)
   (You found it on level 6 of the Dungeon)
 Y - a +0 pair of gloves
   (You found it on level 13 of the Dungeon)
Jewellery
 e - a +4 ring of protection (left branch)
   (You found it on level 1 of the Dungeon)
 p - a +6 ring of strength (right branch)
   (You found it on level 2 of the Dungeon)
 w - the amulet of Aggoukul (around neck) {Faith rElec rF+ Str+5 Int-5}
   (You found it on level 2 of the Dungeon)

   [amulet of faith]

   It allows you to gain divine favour quickly.
   Str:       It affects your strength (+5).
   Int:       It affects your intelligence (-5).
   rF:        It protects you from fire.
   rElec:     It insulates you from electricity.
Wands
 k - a wand of paralysis (16)
   (You found it on level 9 of the Dungeon)
 l - a wand of digging (5)
   (You found it on level 2 of the Shoals)
 s - a wand of polymorph (13)
   (You took it off Nessos on level 15 of the Dungeon)
 x - a wand of roots (23)
   (You found it on level 6 of the Dungeon)
Scrolls
 f - 4 scrolls of magic mapping
 t - 17 scrolls of teleportation
 z - a scroll of summoning
 K - 8 scrolls of fog
 L - 5 scrolls of blinking
 N - 3 scrolls of silence
 O - 3 scrolls of fear
 P - 2 scrolls of poison
 X - a scroll of identify
Potions
 b - 8 potions of heal wounds
 d - 4 potions of might
 g - 18 potions of curing
 j - 5 potions of attraction
 m - 5 potions of ambrosia
 n - 7 potions of flight
 v - a potion of resistance
 D - 7 potions of lignification
 E - a potion of haste
 F - a potion of invisibility
 G - 2 potions of berserk rage
 W - 4 potions of mutation
Miscellaneous
 A - a box of beasts
   (You found it on level 3 of the Spider Nest)
 J - a phantom mirror
   (You found it on level 1 of the Lair of Beasts)


   Skills:
 * Level 21.0 Fighting
 + Level 21.8 Axes
 * Level 17.4 Armour
 * Level 10.2 Dodging
 - Level 1.0 Stealth
 * Level 13.1 Shields
 + Level 0.3 Spellcasting
 * Level 15.6 Invocations
 + Level 1.0 Evocations


You had 18 spell levels left.
You didn't know any spells.
Your spell library contained the following spells:

 Spells                   Type           Power      Damage    Failure   Level
 Apportation              Tloc           0%         N/A       97%         1
 Necrotise                Necr           0%         1d4       97%         1
 Shock                    Conj/Air       0%         1d3       97%         1
 Slow                     Hex            0%         N/A       97%         1
 Summon Small Mammal      Summ           0%         N/A       97%         1
 Blink                    Tloc           0%         N/A       99%         2
 Ensorcelled Hibernation  Hex/Ice        0%         N/A       99%         2
 Passwall                 Tmut/Erth      0%         N/A       99%         2
 Call Canine Familiar     Summ           0%         N/A       100%        3
 Confusing Touch          Hex            0%         N/A       100%        3
 Dazzling Flash           Conj/Hex       0%         N/A       100%        3
 Ignite Poison            Fire/Tmut/Pois 0%         N/A       100%        3
 Ozocubu's Armour         Ice            0%         N/A       100%        3
 Portal Projectile        Hex/Tloc       0%         N/A       100%        3
 Swiftness                Air            0%         N/A       100%        3
 Vampiric Draining        Necr           0%         2d6       100%        3
 Airstrike                Air            0%         2d(0-16)  100%        4
 Leda's Liquefaction      Hex/Erth       0%         N/A       100%        4
 Manifold Assault         Tloc           0%         N/A       100%        4
 Passage of Golubria      Tloc           0%         N/A       100%        4
 Sticky Flame             Conj/Fire      0%         2d3       100%        4
 Agony                    Necr           0%         N/A       100%        5
 Alistair's Intoxication  Tmut/Pois      0%         N/A       100%        5
 Borgnjor's Vile Clutch   Necr/Erth      0%         N/A       100%        5
 Fireball                 Conj/Fire      0%         3d3       100%        5
 Iskenderun's Battlesphe  Conj           0%         2d6       100%        5
 Silence                  Hex/Air        0%         N/A       100%        5
 Summon Forest            Summ/Tloc      0%         N/A       100%        5
 Summon Mana Viper        Hex/Summ       0%         N/A       100%        5
 Conjure Ball Lightning   Conj/Air       0%         3x3d6     100%        6
 Eringya's Noxious Bog    Tmut/Pois      0%         N/A       100%        6
 Iron Shot                Conj/Erth      0%         9d1       100%        6
 Summon Cactus Giant      Summ           0%         N/A       100%        6
 Orb of Destruction       Conj           0%         9d5       100%        7
 Ozocubu's Refrigeration  Ice            0%         4d7       100%        7
 Spellforged Servitor     Conj/Summ      0%         N/A       100%        7
 Storm Form               Tmut/Air       0%         N/A       100%        7
 Ignition                 Fire           0%         3d3       100%        8
 Lehudib's Crystal Spear  Conj/Erth      0%         10d2      100%        8


Dungeon Overview and Level Annotations

Branches:
Dungeon (15/15)            Temple (1/1) D:5            Lair (5/5) D:11
 Shoals (4/4) Lair:3       Spider (4/4) Lair:2        Slime (0/5) Lair:4
    Orc (2/2) D:12            Elf (0/3) Orc:2        Vaults (1/5) D:13
 Depths (0/4) D:15          IceCv (visited)          WizLab (1/1)

Altars:
Ashenzari
Cheibriados
Dithmenos
Elyvilon
Fedhas
Gozag
Hepliaklqana
Kikubaaqudgha
Makhleb
Nemelex Xobeh
Okawaru
Qazlal
Ru
Sif Muna
Trog
Uskayaw
Vehumet
Wu Jian
Xom
Yredelemnul
Zin
The Shining One
Beogh
Jiyva

Shops:
D:4 !   D:8 :=   Orc:2 (???   Shoals:1 (   Shoals:3 *

Portals:
Trove: D:14 (give horn of Geryon)


Innate Abilities, Weirdness & Mutations

You are a tree.
Your roots penetrate the ground, keeping you stationary.
You cannot be teleported.
You are immune to unholy pain and torment.
Your maximum health is greatly increased.
Your equipment is partially melded.
You can walk on water.
You are dopey. (Int -2)
((You are vulnerable to heat. (rF-)))


Message History

You slice the halazid warlock!! You burn the halazid warlock.
The halazid warlock is severely damaged.
You hit the vampire mage but do no damage.
You slash the skeletal warrior! You burn the skeletal warrior.
You destroy the skeletal warrior!
The skeletal warrior dissolves into shadows!
You slash the ancient champion! You burn the ancient champion.
You completely miss the skeletal warrior.
The vampire mage draws life force from you!!
The vampire mage is healed by the life force!
The skeletal warrior closely misses you.
The ancient champion mumbles some strange words.
The ancient champion seems to speed up.
You block the skeletal warrior's attack.
You block the halazid warlock's attack.
You slash the halazid warlock! You burn the halazid warlock.
The halazid warlock is severely damaged.
You hit the ancient champion. You burn the ancient champion.
You slash the skeletal warrior! You burn the skeletal warrior.
You slice the vampire mage!! You burn the vampire mage!
You destroy the vampire mage!
The vampire mage dissolves into shadows!
You hit the skeletal warrior but do no damage.
You block the ancient champion's attack.
You block the skeletal warrior's attack.
The skeletal warrior hits you but does no damage. x2
The ancient champion hits you with a +2 battleaxe of draining!
You feel drained.
* * * LOW HITPOINT WARNING * * *
The halazid warlock touches you but does no damage.
You closely miss the halazid warlock.
The halazid warlock is severely damaged.
You hit the skeletal warrior but do no damage.
You barely miss the ancient champion. You barely miss the skeletal warrior.
You block the skeletal warrior's attack.
The ancient champion hits you but does no damage.
You feel drained.
You block the skeletal warrior's attack.
The skeletal warrior hits you but does no damage.
The halazid warlock barely misses you.
You slash the halazid warlock! You burn the halazid warlock.
The halazid warlock is almost destroyed.
You hit the skeletal warrior. You burn the skeletal warrior.
You hit the ancient champion. You burn the ancient champion.
You hit the skeletal warrior but do no damage.
You block the ancient champion's attack.
The skeletal warrior hits you but does no damage. x3
The ancient champion hits you with a +2 battleaxe of draining.
* * * LOW HITPOINT WARNING * * *
You feel drained. You block the halazid warlock's attack.
The halazid warlock gestures wildly while chanting.
You barely miss the halazid warlock.
The halazid warlock is almost destroyed.
You slash the skeletal warrior! You burn the skeletal warrior.
You hit the ancient champion but do no damage.
You closely miss the skeletal warrior.
The lost soul fades away!
The skeletal warrior closely misses you.
The skeletal warrior hits you but does no damage.
The ancient champion hits you with a +2 battleaxe of draining.
* * * LOW HITPOINT WARNING * * *
You feel drained.
You block the skeletal warrior's attack.
The halazid warlock touches you!
* * * LOW HITPOINT WARNING * * *
You writhe in agony!
* * * LOW HITPOINT WARNING * * *
Unknown command.
You feel much better.
The lost soul fades away!
You block the ancient champion's attack.
You block the skeletal warrior's attack.
The skeletal warrior hits you with a +0 hand axe.
* * * LOW HITPOINT WARNING * * *
The skeletal warrior hits you but does no damage.
The ancient champion hits you with a +2 battleaxe of draining!
* * * LOW HITPOINT WARNING * * *
You feel drained.
* * * LOW HITPOINT WARNING * * *
The halazid warlock touches you!
* * * LOW HITPOINT WARNING * * *
You writhe in agony!
* * * LOW HITPOINT WARNING * * *
You feel much better.
The ancient champion hits you with a +2 battleaxe of draining!
* * * LOW HITPOINT WARNING * * *
You feel drained. The skeletal warrior misses you.
The skeletal warrior hits you with a +0 hand axe!
* * * LOW HITPOINT WARNING * * *
You block the skeletal warrior's attack.
The halazid warlock touches you but does no damage.
Unknown command.
Really quaff the potion of lignification?
Okay, then.
Really quaff the potion of lignification?
You turn into a tree.
Your +2 cloak of willpower melds into your body.
Your +2 helmet melds into your body.
The +0 pair of gloves of Dust Devil {-Tele rPois rF- Int+7 Dex+2} melds into your body.
Your +2 pair of boots melds into your body.
Your +6 crystal plate armour of cold resistance melds into your body.
You feel less strong-willed.
You feel less resistant to cold.
Your roots penetrate the ground.
You block the ancient champion's attack.
The skeletal warrior hits you with a +0 hand axe!
You die...

#### ###.zz###
##.Zz*{zL## #....LzLzz##
...#*VL#♣..## #.z.##z..#
#.LL. ##..## #...zL
#[..# #V.... #.).#
#....L #...# ##....
##..## ##...# .##
##...## ..# #...## ..#
#..## ##.# #.## ##..#
#..## .....##...# #...##
#......##....###....##
#..#...#..#..........#
#.....##.............##
#..#..#...#.#....#....#
##..#..#.#.#......##...#
#......#..##...#..##...#
#...#..##..##..#......##
#.......#.....###..#..#


You could see 3 halazid warlocks, an ancient champion (summoned, fast), 7
skeletal warriors, a lost soul (summoned) and a demonspawn warmonger skeleton
(summoned).

Vanquished Creatures
  Nikola (Shoals:4)
  Mlioglotl (Shoals:4)
  Polyphemus (Shoals:4)
  An ancient champion (WizLab)
  Kirke (Spider:1)
  4 revenants (WizLab)
  Louise (Shoals:1)
  3 emperor scorpions (Spider:4)
  3 ghost moths (Spider:2 Spider:4)
  3 spectral caustic shrikes (WizLab)
  6 frost giants (Shoals:1 IceCv Vaults:1)
  An orc warlord (Orc:2)
  2 broodmothers (Spider:3 Spider:4)
  A spectral titan (WizLab)
  Azrael (Orc:2)
  2 halazid warlocks (WizLab)
  A white draconian (IceCv)
  3 dire elephants (Lair:5 Vaults:1)
  A spark wasp (Spider:2)
  4 merfolk javelineers (Shoals:3 Shoals:4)
  3 jiangshi (WizLab)
  2 eidola (WizLab)
  A deep elf death mage (WizLab)
  Josephine (Spider:1)
  2 quicksilver dragon zombies (WizLab)
  6 merfolk impalers (Shoals:3 Shoals:4)
  3 entropy weavers (Spider:1 Spider:2)
  2 deep elf high priests (Vaults:1)
  A vault guard (D:13)
  A yaktaur captain (Vaults:1)
  An ice dragon (IceCv)
  2 hydras (Lair:5 D:15)
  An ogre mage (D:13)
  3 radroaches (Spider:2 Spider:4)
  2 jorogumos (Spider:2)
  7 ironbound frosthearts (IceCv Vaults:1)
  2 catoblepae (D:14 Shoals:4)
  An alligator snapping turtle (Shoals:4)
  3 merfolk avatars (Shoals:2 Shoals:4)
  5 centaur warriors (D:13 Shoals:2 Vaults:1)
  Erica (D:11)
  3 satyrs (Shoals:3 Shoals:4)
  A merfolk aquamancer (Shoals:4)
  4 two-headed ogres (D:8 D:12)
  5 death scarabs (Spider:4)
  7 death yaks (Lair:5 Shoals:4)
  5 boulder beetles (D:12 Spider:1 Spider:2 Spider:3)
  A titan zombie (WizLab)
  3 tengu warriors (D:13 D:14)
  2 vampire magi (WizLab)
  A spectral emperor scorpion (Spider:4)
  3 skysharks (Shoals:2 Shoals:3)
  2 spectral death yaks (Lair:5)
  A spectral spark wasp (WizLab)
  A shadow wraith (WizLab)
  3 pharaoh ants (Spider:1 Spider:4)
  4 skeletal warriors (D:12 WizLab)
  10 orb spiders (Spider:1 Spider:2 Spider:3 Spider:4)
  2 sun moths (Spider:2)
  11 sea snakes (Shoals:1 Shoals:2 Shoals:3 Shoals:4)
  A spectral anaconda (Lair:5)
  An orange crystal statue (IceCv)
  2 spark wasp zombies (WizLab)
  A kraken simulacrum (Shoals:4)
  8 steelbarb worms (Spider:1 Spider:2 Spider:4)
  5 necromancers (Lair:5 D:15 WizLab)
  A spectral wolf spider (Spider:4)
  A flayed ghost (WizLab)
  A deep elf archer (D:13)
  An obsidian statue (Lair:5)
  A deep elf pyromancer (D:14)
  3 phantasmal warriors (WizLab)
  An orc knight (Orc:2)
  An ironbound convoker (Vaults:1)
  22 harpies (Shoals:1 Shoals:4)
  10 ugly things (IceCv Vaults:1)
  9 fauns (Shoals:1 Shoals:3)
  A tengu skeleton (D:15)
  16 wolf spiders (D:15 Spider:1 Spider:2 Spider:3 Spider:4)
  11 cyclopes (D:12 D:13 D:15 Shoals:1 Shoals:4)
  A wolf spider zombie (Spider:4)
  11 elephants (Lair:4 Lair:5)
  11 manticores (Shoals:1 Shoals:2 Shoals:3 Shoals:4)
  3 moths of wrath (Spider:1 Spider:2 Spider:4)
  A salamander (shapeshifter) (D:13)
  Maurice (D:8)
  8 merfolk sirens (Shoals:1 Shoals:2 Shoals:4)
  2 vault sentinels (Vaults:1)
  5 water nymphs (Shoals:4)
  A black mamba (Lair:1)
  Joseph (D:10)
  4 torpor snails (Spider:2)
  7 demonic crawlers (Spider:2 Spider:4)
  A gargoyle (D:12)
  5 cane toads (Lair:1 Lair:3 Lair:5)
  3 komodo dragons (Lair:4 Lair:5)
  Psyche (D:8)
  3 kobold demonologists (D:10)
  A yaktaur (Vaults:1)
  2 spectral redbacks (Spider:4)
  14 rime drakes (Lair:2 Lair:3 IceCv)
  2 tengu conjurers (D:13 D:14)
  3 freezing wraiths (D:13 D:15)
  A harpy zombie (WizLab)
  5 trolls (D:5 D:11 D:12 Orc:1 Orc:2)
  6 meliai (Spider:3 Spider:4)
  16 merfolk (Shoals:1 Shoals:2 Shoals:3 Shoals:4)
  25 polar bears (Lair:4 Lair:5 IceCv)
  19 tarantellas (Spider:1 Spider:2 Spider:4)
  5 wind drakes (Shoals:1 Shoals:2 Shoals:4)
  A spectral tarantella (Spider:4)
  A spriggan zombie (WizLab)
  7 blink frogs (Lair:1 Lair:3 Lair:5)
  5 spectral jumping spiders (Spider:4)
  A hornet (D:8)
  A spectral culicivora (Spider:4)
  11 dream sheep (Lair:3 Shoals:1 Shoals:4)
  2 tarantella zombies (Spider:4)
  10 snapping turtles (Shoals:1 Shoals:2 Shoals:3 Shoals:4)
  A culicivora zombie (Spider:4)
  6 slime creatures (Lair:4 D:12 D:15)
  16 jumping spiders (Spider:1 Spider:2 Spider:3 Spider:4)
  37 yaks (D:8 D:10 Lair:1 Lair:2 Lair:3)
  15 culicivoras (Spider:1 Lair:2 Spider:2 Spider:4)
  4 flying skulls (WizLab)
  6 water elementals (Shoals:1 Shoals:2 Shoals:3 Shoals:4)
  3 shadows (D:9 D:10 D:11)
  A vampire (D:8)
  A fire bat (shapeshifter) (D:13)
  A wyvern (D:9)
  A centaur simulacrum (D:13)
  A yak (shapeshifter) (D:14)
  5 wraiths (D:12 D:15 Spider:1)
  5 fire elementals (Orc:2)
  7 vampire mosquitoes (D:9 D:12 D:13)
  2 steam dragons (D:7 D:8)
  35 redbacks (Spider:1 Lair:2 Spider:2 Spider:3 Spider:4)
  A death yak simulacrum (Lair:5)
  4 hogs (Spider:1)
  7 wargs (Orc:1 Orc:2)
  5 water moccasins (D:7 Lair:2)
  2 acid dragons (D:12 D:13)
  2 hell hounds (Orc:2)
  15 orc warriors (D:7 D:9 D:11 Orc:1 Orc:2)
  2 ice beasts (D:7 D:11)
  2 black bears (D:6 D:7)
  6 ogres (D:7 D:9 Orc:1 Orc:2)
  10 centaurs (D:7 D:11 Orc:2 D:13 D:14)
  8 wolves (D:11 Lair:1 Lair:2 Lair:5)
  An elephant skeleton (Lair:5)
  A kobold brigand (D:6)
  2 gnoll sergeants (D:5 D:9)
  7 bullfrogs (D:8 Lair:1 Lair:2)
  4 scorpions (D:4 D:5 D:6 Lair:2)
  5 wights (D:7)
  A hornet simulacrum (D:15)
  17 killer bees (D:7 D:8 D:9 D:11)
  5 electric eels (D:12 Spider:3)
  3 howler monkeys (D:7)
  4 jellies (D:4 D:6 D:9)
  9 orc priests (D:5 D:7 D:8 D:9)
  2 gnoll boudas (D:5)
  5 hounds (D:3 D:5 D:7)
  4 iguanas (D:5 D:6 D:7)
  11 orc wizards (D:7 D:8 D:9 D:12 Orc:2)
  7 adders (D:2 D:3 D:4 D:5)
  19 gnolls (D:2 D:3 D:5 D:9)
  2 white imps (D:5 D:7)
  An ufetubus (D:6)
  A worm (Lair:2)
  35 orcs (D:3 D:5 D:7 D:6 D:8)
  4 bats (D:1 D:2 D:3)
  9 endoplasms (D:1 D:2 D:3)
  5 giant cockroaches (D:1 D:3 D:4 Lair:2)
  4 goblins (D:1 D:2 D:3 D:4)
  3 hobgoblins (D:2 D:3)
  4 jackals (D:1 D:2)
  15 kobolds (D:1 D:2 D:3 D:4 D:6)
  4 quokkas (D:1 D:2 D:5)
  8 ball pythons (D:1 D:3 D:4)
  6 frilled lizards (D:1 D:2)
  8 rats (D:1 D:2 D:3)
  A tentacle (Shoals:4)
892 creatures vanquished.

Vanquished Creatures (collateral kills)
  Saint Roka (Orc:2)
  Frances (Lair:2)
  A tengu reaver (Vaults:1)
  A vault warden (Vaults:1)
  Nessos (D:15)
  2 very ugly things (Vaults:1)
  9 dire elephants (Lair:5 Vaults:1)
  Fannar (Lair:3)
  A rakshasa (D:15)
  A spriggan zombie (D:15)
  2 ironbound frosthearts (Vaults:1)
  The ghost of Yxtef the Carver, a journeyman DsFi of Okawaru (D:15)
  A catoblepas (D:15)
  2 hydras (Lair:5)
  The ghost of anet the Protected, a novice MiBe of Trog (D:9)
  7 centaur warriors (D:13 D:14 Vaults:1)
  A death knight (D:15)
  A merfolk aquamancer (Shoals:1)
  5 tengu warriors (D:13 D:14)
  A boulder beetle (D:13)
  2 death yaks (Lair:5)
  2 death scarabs (Spider:4)
  A skyshark (Lair:4)
  5 skeletal warriors (D:12 D:13 D:15)
  2 orc knights (Orc:1 Orc:2)
  A phantasmal warrior (D:15)
  A necromancer (Lair:5)
  A sphinx zombie (D:15)
  A lindwurm (Vaults:1)
  2 deep elf pyromancers (D:12 D:14)
  2 harpies (Lair:3)
  4 ugly things (D:13 Vaults:1)
  An orc sorcerer (Orc:1)
  5 cyclopes (D:13 D:14 Shoals:1)
  3 manticores (D:13)
  A stone giant zombie (D:15)
  A faun (Shoals:1)
  A black mamba (Lair:5)
  4 vault sentinels (Vaults:1)
  13 elephants (Lair:4 Lair:5)
  A guardian serpent (shapeshifter) (D:13)
  A moth of wrath (shapeshifter) (D:13)
  A torpor snail (Lair:1)
  4 cane toads (Lair:1 Lair:2 Lair:5)
  A demonic crawler (Lair:2)
  A redback zombie (Spider:4)
  A rime drake (D:11)
  3 komodo dragons (Lair:2 Lair:4 D:13)
  A tengu conjurer (D:13)
  3 merfolk (Shoals:1 Shoals:4)
  A meliai (shapeshifter) (D:13)
  A troll (D:13)
  A hornet (D:11)
  2 dream sheep (Lair:3)
  17 blink frogs (Lair:1 Lair:3 Lair:5)
  11 slime creatures (Lair:4 D:12 D:15 D:9)
  A vampire (D:13)
  A jumping spider (Lair:2)
  A wyvern (Lair:1)
  3 wraiths (D:13 D:15)
  26 yaks (D:10 Lair:1 Lair:3 Lair:4 Lair:5)
  4 basilisks (Lair:2 Lair:3 Lair:5)
  4 vampire mosquitoes (D:12 D:13)
  A death yak simulacrum (Lair:5)
  2 wargs (Orc:2)
  A naga (shapeshifter) (D:13)
  12 water moccasins (Lair:1 Lair:2 Lair:3 Lair:4 Lair:5)
  2 black bears (Lair:1 Lair:2)
  16 orc warriors (D:9 D:12 Orc:1 Orc:2)
  2 ice beasts (D:11)
  11 centaurs (D:11 Orc:2 D:13 D:14)
  8 wolves (D:11 Lair:1 Lair:2 Lair:5)
  A kobold brigand (D:10)
  A bullfrog (Lair:1)
  A scorpion (Lair:2)
  A cane toad simulacrum (Lair:5)
  A killer bee (D:11)
  An electric eel (D:11)
  2 jellies (D:9)
  2 orc priests (D:12 Orc:1)
  2 orc wizards (Orc:1)
  2 worms (Lair:2)
  17 orcs (D:9 D:12 Orc:1 Orc:2)
  A giant cockroach (Lair:2)
  2 kobolds (D:10)
  A bush (Lair:2)
  A plant (Lair:4)
275 creatures vanquished.

Vanquished Creatures (others)
  A merfolk javelineer (Shoals:4)
  A merfolk impaler (Shoals:4)
  A deep elf high priest (Vaults:1)
  6 orc knights (D:13 Vaults:1)
  A wizard (D:14)
  3 merfolk (Shoals:4)
  A flying skull (WizLab)
  A shadow (D:11)
  20 orc warriors (D:12 Orc:1 Orc:2 D:13 D:15)
  7 orc priests (D:6 Orc:2 D:13 D:14 Spider:4)
  10 orc wizards (Orc:1 Orc:2 D:13 D:15 Shoals:4)
  46 orcs (D:9 D:10 D:11 Lair:1 D:12)
  33 fungi (Lair:1 Lair:2 Lair:3 Lair:4 Lair:5)
  76 plants (Lair:1 Lair:2 Lair:3 Lair:4 Lair:5)
  3 tentacles (Shoals:4)
  39 withered plants (Lair:5 D:15)
249 creatures vanquished.

Grand Total: 1416 creatures vanquished

Notes
Turn   | Place    | Note
-------+----------+-------------------------------------------
     0 | D:1      | Lipa the Hill Orc Fighter began the quest for the Orb.
     0 | D:1      | Reached XP level 1. HP: 19/19 MP: 1/1
   250 | D:1      | Reached XP level 2. HP: 27/27 MP: 2/2
   867 | D:2      | Reached XP level 3. HP: 33/33 MP: 3/3
  1108 | D:2      | Reached XP level 4. HP: 40/40 MP: 4/4
  1120 | D:2      | Reached skill level 5 in Axes
  1317 | D:2      | Identified the amulet of Aggoukul {Faith rElec rF+ Str+5
                  | Int-5}
  1760 | D:3      | Reached XP level 5. HP: 46/46 MP: 5/5
  2052 | D:3      | Found a hide-covered altar of Uskayaw.
  2467 | D:4      | Reached XP level 6. HP: 53/53 MP: 6/6
  2876 | D:4      | Identified the +7 spear of Equilibrium {holy, Str+3}
  3008 | D:4      | Found Zaatidd's Distillery.
  3153 | D:4      | Bought a potion of curing for 36 gold pieces
  3153 | D:4      | Bought a potion of degeneration for 12 gold pieces
  3153 | D:4      | Bought a potion of heal wounds for 60 gold pieces
  3171 | D:5      | Entered Level 5 of the Dungeon
  3240 | D:5      | Found a stormy altar of Qazlal.
  3259 | D:5      | Reached XP level 7. HP: 31/60 MP: 7/7
  3461 | D:6      | Became a worshipper of Beogh the Brigand
  3674 | D:5      | Noticed a troll
  3684 | D:5      | Killed a troll
  3821 | D:5      | Found a staircase to the Ecumenical Temple.
  3924 | D:5      | Reached XP level 8. HP: 56/67 MP: 8/8
  3929 | D:5      | Reached skill level 10 in Axes
  3939 | D:5      | Reached skill level 5 in Fighting
  3982 | D:5      | You fall into a shaft and drop 2 floors!
  3983 | D:7      | Found a snail-covered altar of Cheibriados.
  4036 | D:7      | Reached skill level 1 in Dodging
  4084 | D:7      | Reached skill level 5 in Armour
  4400 | D:6      | Reached * piety under Beogh
  4628 | D:6      | Found a glowing silver altar of Zin.
  4847 | Temple   | Entered the Ecumenical Temple
  4929 | D:4      | Bought 2 potions of curing for 72 gold pieces
  4929 | D:4      | Bought a potion of curing for 36 gold pieces
  4929 | D:4      | Bought a potion of heal wounds for 60 gold pieces
  5034 | D:6      | Reached XP level 9. HP: 75/75 MP: 9/9
  5521 | D:6      | Found a blossoming altar of Fedhas.
  5924 | D:7      | Found a sparkling altar of Nemelex Xobeh.
  6150 | D:7      | Found an ancient bone altar of Kikubaaqudgha.
  6162 | D:7      | Found a shimmering altar of Xom.
  6404 | D:7      | Reached ** piety under Beogh
  6409 | D:7      | Reached skill level 5 in Shields
  6498 | D:8      | Found Bufetuh's Book Shoppe.
  6604 | D:8      | Noticed a two-headed ogre
  6611 | D:8      | Killed a two-headed ogre
  6612 | D:8      | Reached XP level 10. HP: 37/84 MP: 10/10
  6744 | D:8      | Found a white marble altar of Elyvilon.
  6794 | D:8      | Noticed Maurice
  6812 | D:8      | Killed Maurice
  6813 | D:8      | Reached skill level 1 in Invocations
  6843 | D:8      | Noticed a two-headed ogre
  6847 | D:8      | Noticed Psyche
  6852 | D:8      | Killed a two-headed ogre
  6853 | D:8      | Reached skill level 15 in Axes
  6860 | D:8      | Killed Psyche
  6938 | D:8      | Noticed a two-headed ogre
  6947 | D:8      | Killed a two-headed ogre
  7118 | D:8      | Found Xoagep's Jewellery Shop.
  7221 | D:8      | Found a glowing golden altar of the Shining One.
  7460 | D:9      | Reached XP level 11. HP: 51/94 MP: 13/13
  7625 | D:9      | Found an iron altar of Okawaru.
  7637 | D:9      | Reached *** piety under Beogh
  7896 | D:9      | Found a runed translucent gate.
  7897 | D:9      | Found a runed translucent gate.
  7897 | D:9      | Noticed anet's ghost (novice MiBe)
  7898 | D:9      | Found a runed translucent gate.
  8223 | D:9      | Gained Wulfoc as an ally
  8227 | D:9      | Found a roughly hewn altar of Beogh.
  8412 | D:9      | Reached **** piety under Beogh
  8510 | D:9      | Found a hazy altar of Hepliaklqana.
  8701 | D:9      | Found a viscous altar of Jiyva.
  9018 | D:10     | Entered Level 10 of the Dungeon
  9038 | D:10     | Noticed Joseph
  9047 | D:10     | Killed Joseph
  9100 | D:10     | Found a shadowy altar of Dithmenos.
  9251 | D:10     | Reached skill level 5 in Invocations
  9621 | D:11     | Noticed Erica
  9631 | D:11     | Killed Erica
  9802 | D:11     | Found a staircase to the Lair.
 10644 | Lair:1   | Entered Level 1 of the Lair of Beasts
 10671 | Lair:1   | Reached skill level 10 in Fighting
 10674 | Lair:1   | Reached XP level 12. HP: 72/106 MP: 13/16
 11236 | Lair:1   | Reached ***** piety under Beogh
 11885 | Lair:2   | Reached skill level 10 in Armour
 12304 | Lair:2   | Identified the +1 war axe "Etaluibi" {speed, rElec rPois
                  | rN++ Str+3}
 12322 | Lair:2   | Gained Marbaugh as an ally
 12323 | Lair:2   | Found a hole to the Spider Nest.
 12857 | Lair:3   | Noticed Fannar
 12874 | Lair:3   | Killed Fannar
 12874 | Lair:3   | Gained Orik as an ally
 13012 | Lair:3   | Reached skill level 1 in Evocations
 13037 | Lair:3   | Found a staircase to the Shoals.
 13148 | Lair:3   | Reached XP level 13. HP: 100/117 MP: 16/18
 14030 | Lair:4   | Found a viscous altar of Jiyva.
 14030 | Lair:4   | Found a staircase to the Slime Pits.
 14072 | Lair:4   | Identified the +12 short sword "Ogre's Bane" {heavy, Int+3}
 14257 | Lair:4   | Reached skill level 5 in Dodging
 14419 | Lair:4   | Reached ****** piety under Beogh
 14428 | Lair:4   | Reached skill level 1 in Stealth
 14840 | Lair:5   | Entered Level 5 of the Lair of Beasts
 15858 | Lair:5   | Noticed a dire elephant
 15858 | Lair:5   | Noticed a dire elephant
 15858 | Lair:5   | Noticed a dire elephant
 15858 | Lair:5   | Noticed a dire elephant
 15889 | Lair:5   | Reached XP level 14. HP: 130/130 MP: 20/20
 15917 | Lair:5   | Gained Garbold as an ally
 15924 | Lair:5   | Identified the +0 pair of gloves of Dust Devil {-Tele rPois
                  | rF- Int+7 Dex+2}
 16071 | Lair:5   | Killed a dire elephant
 16076 | Lair:5   | Killed a dire elephant
 16079 | Lair:5   | Killed a dire elephant
 16090 | Lair:5   | Killed a dire elephant
 16600 | Lair:5   | Gained mutation: You have hidden genetic defects. [a
                  | neqoxec]
 16601 | Lair:5   | Gained mutation: You occasionally lose the ability to read
                  | scrolls when taking damage. [a neqoxec]
 16878 | D:12     | Reached skill level 10 in Invocations
 16971 | D:12     | Found a staircase to the Orcish Mines.
 17437 | D:12     | Reached skill level 15 in Fighting
 17594 | D:12     | Gained mutation: You sometimes lose your temper in combat.
                  | [hidden defects]
 17959 | Orc:1    | Entered Level 1 of the Orcish Mines
 17982 | Orc:1    | Gained Bogwald as an ally
 18302 | Orc:2    | Entered Level 2 of the Orcish Mines
 18429 | Orc:2    | Found a staircase to the Elven Halls.
 18461 | Orc:2    | Noticed an orc warlord
 18470 | Orc:2    | Killed an orc warlord
 18470 | Orc:2    | Gained Boghold as an ally
 18526 | Orc:2    | Gained Geork as an ally
 18534 | Orc:2    | Found Hiefob's Magic Scroll Shop.
 18534 | Orc:2    | Found Bayf's Magic Scroll Emporium.
 18534 | Orc:2    | Found Walyczuk's Antique Weapon Shoppe.
 18536 | Orc:2    | Gained Ugbert as an ally
 18544 | Orc:2    | Found Daffaoz's Magic Scroll Boutique.
 18554 | Orc:2    | Your ally Geork died
 18775 | Orc:2    | Noticed Saint Roka
 18798 | Orc:2    | Killed Saint Roka
 18812 | Orc:2    | Gained mutation: Your magical capacity is low. (-10% MP)
                  | [hidden defects]
 18812 | Orc:2    | Lost mutation: You have hidden genetic defects. [hidden
                  | defects expressed]
 18932 | D:11     | Lost mutation: You occasionally lose the ability to read
                  | scrolls when taking damage. [potion of mutation]
 18932 | D:11     | Lost mutation: You sometimes lose your temper in combat.
                  | [potion of mutation]
 18932 | D:11     | Gained mutation: You are dopey. (Int -2) [potion of
                  | mutation]
 18932 | D:11     | Gained mutation: You are partially covered in iridescent
                  | scales. (AC +2) [potion of mutation]
 19113 | Orc:2    | Noticed Azrael
 19135 | Orc:2    | Killed Azrael
 19629 | Orc:2    | Bought a scroll of teleportation for 30 gold pieces
 19632 | Orc:2    | Bought a scroll of magic mapping for 105 gold pieces
 19661 | Orc:1    | Gained Thorok as an ally
 19664 | Orc:1    | Reached XP level 15. HP: 126/141 MP: 20/20
 20271 | D:13     | Found a gate to the Vaults.
 20394 | D:13     | Identified the ring "Gurajij" {rN++ Int+6}
 20394 | D:13     | Identified the +4 plate armour of the Harp {rN+}
 20654 | D:14     | Found a portal to a secret trove of treasure.
 21247 | D:15     | Entered Level 15 of the Dungeon
 21250 | D:15     | Found a staircase to the Depths.
 21253 | D:15     | Noticed Nessos
 21259 | D:15     | Killed Nessos
 21428 | D:15     | Found an ancient bone altar of Kikubaaqudgha.
 21510 | D:15     | Identified the amulet "Resiwn" {Faith Fly}
 21701 | D:15     | Found a runed translucent door.
 21708 | D:15     | Noticed Yxtef's ghost (journeyman DsFi)
 21718 | D:15     | Killed Yxtef's ghost
 21987 | Shoals:1 | Entered Level 1 of the Shoals
 21995 | Shoals:1 | Identified the +0 tower shield of Knowledge {Will+}
 21995 | Shoals:1 | Noticed Louise
 22023 | Shoals:1 | Killed Louise
 22288 | Shoals:1 | Reached XP level 16. HP: 137/152 MP: 22/22
 22636 | Shoals:1 | Found Calekk Guyt's Weapon Shoppe.
 23138 | Shoals:1 | Reached skill level 15 in Armour
 24923 | Shoals:3 | Found Noneph's Assorted Antiques.
 25355 | Shoals:4 | Entered Level 4 of the Shoals
 25355 | Shoals:4 | Noticed Mlioglotl
 25360 | Shoals:4 | Killed Mlioglotl
 25368 | Shoals:4 | Noticed Polyphemus
 25395 | Shoals:4 | Killed Polyphemus
 25663 | Shoals:4 | Reached XP level 17. HP: 137/163 MP: 24/24
 26005 | Shoals:4 | HP: 2/165 [merfolk impaler/+0 demon trident of venom (7)]
 26011 | Shoals:4 | Found the sphere of Battle
 26820 | Shoals:4 | Noticed Nikola
 26830 | Shoals:4 | Killed Nikola
 27794 | Shoals:4 | Reached skill level 10 in Shields
 28023 | Shoals:4 | Got a barnacled rune of Zot
 28357 | Spider:1 | Entered Level 1 of the Spider Nest
 28491 | Spider:1 | Noticed Kirke
 28499 | Spider:1 | Killed Kirke
 28868 | Spider:1 | Noticed Frances
 29236 | Lair:2   | Killed Frances
 29298 | Spider:1 | Noticed Josephine
 29306 | Spider:1 | Killed Josephine
 29306 | Spider:1 | Gained Herok as an ally
 30096 | Spider:1 | Gained Okrist as an ally
 30206 | Spider:2 | Gained mutation: You are vulnerable to heat. (rF-)
                  | [mutagenic glow]
 30245 | Spider:2 | Gained mutation: You have hidden genetic defects.
                  | [mutagenic glow]
 30246 | Spider:2 | Lost mutation: You are partially covered in iridescent
                  | scales. (AC +2) [potion of mutation]
 30246 | Spider:2 | Lost mutation: You have hidden genetic defects. [potion of
                  | mutation]
 30246 | Spider:2 | Lost mutation: Your magical capacity is low. (-10% MP)
                  | [potion of mutation]
 30878 | Spider:2 | Reached XP level 18. HP: 161/176 MP: 23/28
 32313 | Spider:4 | Entered Level 4 of the Spider Nest
 32363 | Spider:4 | Found a frozen archway.
 32507 | IceCv    | Entered an ice cave
 34133 | D:4      | Bought a potion of mutation for 96 gold pieces
 34403 | D:9      | Killed anet's ghost
 35369 | D:12     | Found a staircase to the Orcish Mines.
 38506 | Spider:4 | Reached XP level 19. HP: 187/187 MP: 30/30
 38509 | Spider:4 | Gained Orkwin as an ally
 38510 | Spider:4 | Reached skill level 15 in Invocations
 38513 | Spider:4 | Gained Arbolt as an ally
 38532 | Spider:4 | Identified the +1 hat of Free Expression {rN+ Dex+2}
 38538 | Spider:4 | Identified the scarf "Daekheqe" {repulsion, Will++ Dex+3}
 38543 | Spider:4 | Got a gossamer rune of Zot
 38926 | Orc:2    | Bought a scroll of identify for 20 gold pieces
 38927 | Orc:2    | Bought a scroll of identify for 20 gold pieces
 39056 | D:11     | Upgraded the game from 0.30-a0-1074-g5db6f66fbb to
                  | 0.30-a0-1082-g70414cbcbb
 39069 | D:11     | Upgraded the game from 0.30-a0-1082-g70414cbcbb to
                  | 0.30-a0-1085-g990a428a5c
 39228 | Vaults:1 | Entered Level 1 of the Vaults
 39328 | Vaults:1 | Your ally Herok died
 39342 | Vaults:1 | Your ally Boghold died
 39357 | Vaults:1 | Reached skill level 10 in Dodging
 39459 | Vaults:1 | Found a magical portal.
 39468 | WizLab   | Entered Borgnjor's Mausoleum
 40329 | WizLab   | HP: 7/141 [skeletal warrior/+0 hand axe[a halazid warlock]
                  | (12)]
 40330 | WizLab   | Slain by a skeletal warrior

Illustrated notes

Skill      XL: |  1  2  3  4  5  6  7  8  9 10 11 12 13 14 15 16 17 18 19 |
---------------+----------------------------------------------------------+-----
Axes           | 3 4 5 6 8 9 12 14 16 17 18 19 20 21 | 21.8
Fighting       | 4 5 6 8 10 11 13 15 16 18 19 20 21 | 21.0
Armour         | 4 5 6 7 9 10 12 13 14 15 16 17 | 17.4
Shields        | 4 5 6 7 8 9 10 11 13 | 13.1
Dodging        | 1 3 4 5 6 7 8 9 10 | 10.2
Invocations    | 3 5 7 9 10 11 13 14 15 | 15.6
Evocations     | 1 |  1.0
Stealth        | 1 |  1.0
Spellcasting   | |  0.3

Action                     |  1- 3 |  4- 6 |  7- 9 | 10-12 | 13-15 | 16-18 | 19-21 || total
---------------------------+-------+-------+-------+-------+-------+-------+-------++-------
  Melee: War axe           |    76 |   108 |   227 |   126 |   129 |       |       ||   666
         Broad axe         |       |       |       |   336 |   504 |  1016 |   199 ||  2055
         Morningstar       |       |       |       |       |     3 |       |       ||     3
  Throw: Stone             |    11 |    33 |     7 |     1 |       |       |       ||    52
         Dart              |       |     6 |     6 |     8 |       |       |       ||    20
         Boomerang         |       |       |       |     1 |       |       |       ||     1
 Invoke: Convert to Beogh  |       |       |     1 |       |       |       |       ||     1
         Recall Orcish Fol |       |       |       |    24 |    53 |     7 |     4 ||    88
         Give Item to Name |       |       |       |     3 |     5 |       |     4 ||    12
         Resurrection      |       |       |       |       |     1 |       |       ||     1
         Smiting           |       |       |       |       |     9 |    16 |    23 ||    48
         Stop Recall       |       |       |       |       |       |       |     1 ||     1
    Use: Potion            |       |       |     4 |       |     1 |     8 |     3 ||    16
         Scroll            |       |       |       |       |    26 |    14 |     2 ||    42
   Stab: Distracted        |       |       |       |     1 |    13 |       |       ||    14
         Paralysed         |       |       |       |     1 |     4 |       |       ||     5
         Petrified         |       |       |       |       |     1 |    15 |       ||    16
         Petrifying        |       |       |       |       |     1 |     3 |       ||     4
         Invisible         |       |       |       |       |       |     2 |       ||     2
 Armour: Scale mail        |    40 |    16 |       |       |       |       |       ||    56
         Chain mail        |       |    29 |    68 |       |       |       |       ||    97
         Plate armour      |       |       |    69 |   240 |   447 |   629 |       ||  1385
         Crystal plate arm |       |       |       |       |       |   185 |   153 ||   338
  Dodge: Dodged            |    32 |    64 |    99 |   168 |   279 |   375 |    60 ||  1077
  Block: Buckler           |    12 |    13 |    55 |    92 |   126 |       |       ||   298
         Kite shield       |       |       |       |       |    44 |    47 |       ||    91
         Tower shield      |       |       |       |       |    20 |   867 |   161 ||  1048

Table legend: (Time is in decaauts)
 A = Elapsed time spent in this place.
 B = Non-inter-level travel time spent in this place.
 C = Inter-level travel time spent in this place.
 D = Time resting spent in this place.
 E = Time spent auto-exploring this place.
 F = Levels seen in this place.
 G = Mean time per level.
                   A        B        C        D        E       F      G
               +--------+--------+--------+--------+--------+-----+--------+
         Total |  40241 |  32654 |   7587 |   6650 |  18735 |  34 | 1183.6 |
       Dungeon |  17372 |  14025 |   3347 |   1400 |   9351 |  15 | 1158.1 |
        Temple |     27 |     14 |     13 |      0 |     10 |   1 |   27.0 |
          Lair |   7090 |   5496 |   1594 |    963 |   3523 |   5 | 1418.0 |
        Shoals |   6457 |   5289 |   1168 |   1739 |   2561 |   4 | 1614.2 |
   Spider Nest |   5311 |   4550 |    761 |   1573 |   2071 |   4 | 1327.8 |
  Orcish Mines |   1832 |   1266 |    566 |    258 |    658 |   2 |  916.0 |
        Vaults |    219 |     84 |    135 |      0 |      0 |   1 |  219.0 |
      Ice Cave |   1078 |   1078 |      0 |    147 |    517 |   1 | 1078.0 |
        Wizlab |    852 |    852 |      0 |    570 |     43 |   1 |  852.0 |
               +--------+--------+--------+--------+--------+-----+--------+

Top non-repeatable levels by time:
    D:12: 2397 daAuts
Shoals:4: 2172 daAuts
    D:11: 1946 daAuts
  Lair:2: 1935 daAuts
     D:9: 1865 daAuts
Spider:1: 1664 daAuts
Shoals:1: 1584 daAuts
  Lair:3: 1470 daAuts
Spider:2: 1470 daAuts
Shoals:3: 1424 daAuts
     D:6: 1403 daAuts
  Lair:5: 1355 daAuts
  Lair:1: 1293 daAuts
Shoals:2: 1275 daAuts
     D:7: 1252 daAuts
